 Dungeon Crawl Stone Soup version 0.30.0-17-ge0270778cf (webtiles) character file.

Game seed: 12976183634136580770

24 javelincjr the Firebug (level 2, -2/19 HPs)
             Began as a Demonspawn Fire Elementalist on May 22, 2023.
             Slain by an adder (3 damage)
             ... on level 2 of the Dungeon.
             The game lasted 00:07:06 (1240 turns).

javelincjr the Firebug (DsFE)                       Turns: 1240, Time: 00:07:06

Health: -2/19      AC:  2    Str:  5 (8)  XL:     2   Next: 79%
Magic:  2/5        EV: 11    Int: 15 (16) God:
Gold:   14         SH:  3    Dex: 10 (13) Spells: 4/5 levels left

rFire   . . .        c - +0 dagger
rCold   . . .        n - +0 buckler
rNeg    . . .        a - +0 robe
rPois   .            (no helmet)
rElec   .            (no cloak)
rCorr   .            (no gloves)
SInv    .            (no boots)
Will    .....        (no amulet)
Stlth   ++           (no ring)
HPRegen 0.23/turn    (no ring)
MPRegen 0.09/turn

%: no passive effects
@: lethally poisoned (-2 -> -8)
A: ignite blood 1
a: no special abilities


You were on level 2 of the Dungeon.
You visited 1 branch of the dungeon, and saw 2 of its levels.

You collected 14 gold pieces.

Inventory:

Hand Weapons
 c - a +0 dagger (weapon)
Missiles
 h - 3 curare-tipped darts
Armour
 a - a +0 robe (worn)
 n - a +0 buckler (worn)
Jewellery
 i - a ring of poison resistance
Scrolls
 d - a scroll of noise {unknown}
 f - 3 scrolls of identify {unknown}
 g - a scroll of teleportation {unknown}
 j - a scroll of magic mapping {unknown}
 k - a scroll of enchant weapon {unknown}
Potions
 b - a potion of magic
 e - a potion of degeneration
 l - a potion of flight {unknown}
 m - 2 potions of might {unknown}


   Skills:
 + Level 2.1 Dodging
 + Level 2.1 Stealth
 + Level 0.0 Shields
 + Level 2.2 Spellcasting
 + Level 1.4 Conjurations
 + Level 2.9 Fire Magic


You had 4 spell levels left.
You knew the following spells:

 Your Spells              Type           Power      Damage    Failure   Level
a - Foxfire               Conj/Fire      32%        2x1d5     17%         1

Your spell library contained the following spells:

 Spells                   Type           Power      Damage    Failure   Level
 Scorch                   Fire           20%        2d5       19%         2
 Inner Flame              Hex/Fire       6%         N/A       56%         3
 Volatile Blastmotes      Fire/Tloc      12%        2d11      56%         3
 Flame Wave               Conj/Fire      8%         2d5       86%         4
 Chain Lightning          Conj/Air       1%         3d2       100%        9
 Fire Storm               Conj/Fire      4%         8d1       100%        9
 Shatter                  Erth           0%         3d5*      100%        9


Dungeon Overview and Level Annotations

Branches:
Dungeon (2/15)

Altars:


Innate Abilities, Weirdness & Mutations

Your demonic aura sometimes causes spilled blood to erupt in flames.


Message History

You conjure some foxfire!
The foxfire hits the adder.
The adder is moderately wounded.
Your foxfire dissipates!
A quokka comes into view.
You see here 15 gold pieces.
The adder closely misses you.
Your magical contamination has completely faded away.
You see here 12 gold pieces.
The ball python attacks as you move away!
The ball python bites you. You block the ball python's attack.
The adder bites you.
You are poisoned.
The adder poisons you!
You hit the ball python.
The ball python is severely wounded.
You feel sick. The adder misses you. The ball python completely misses you.
The ball python barely misses you. The adder bites you.
You are lethally poisoned!
The adder poisons you!
You closely miss the ball python.
The ball python is severely wounded.
You feel very sick.
The ball python bites you but does no damage.
The ball python misses you. You block the adder's attack.
You closely miss the ball python.
The ball python is severely wounded.
* * * LOW HITPOINT WARNING * * *
You feel very sick. The adder bites you.
* * * LOW HITPOINT WARNING * * *
The ball python closely misses you. The ball python barely misses you.
The adder closely misses you.
The ball python bites you but does no damage.
The ball python closely misses you.
It was a potion of degeneration.
There was something very wrong with that liquid.
You feel weakened.
You feel dopey.
You feel clumsy.
* * * LOW HITPOINT WARNING * * *
You feel sick. The adder bites you.
You die...

##.........## ###
##...#...## #.....
.........#######.....r
####..........†........
#...#.#.............
#..#...##............
..###.. #............
## ##....#.#........
#..#.#S@$#....
.......S### .!.
####...... ## ##......
..#$...># ...#.....#
... ##.##.# .. .. .#


You could see an adder and a ball python.

Vanquished Creatures
  A worm (D:2)
  2 bats (D:1)
  2 endoplasms (D:1)
  2 giant cockroaches
  3 goblins (D:1)
  A jackal (D:1)
  3 quokkas (D:1)
  A ball python (D:2)
  A frilled lizard (D:1)
  3 rats (D:1)
19 creatures vanquished.

Vanquished Creatures (others)
  66 foxfires
66 creatures vanquished.

Grand Total: 85 creatures vanquished

Notes
Turn   | Place    | Note
-------+----------+-------------------------------------------
     0 | D:1      | javelincjr the Demonspawn Fire Elementalist began the quest
                  | for the Orb.
     0 | D:1      | Reached XP level 1. HP: 13/13 MP: 3/3
   285 | D:1      | Gained mutation: Your demonic aura sometimes causes spilled
                  | blood to erupt in flames. [demonic ancestry]
   285 | D:1      | Reached XP level 2. HP: 11/19 MP: 0/5
  1240 | D:2      | Slain by an adder

Illustrated notes

Levels and vault maps discovered:
D:1:      minmay_arrival_cross, layout_basic, minmay_tall_x
D:2:      layout_rooms, dreamdust_ecumenical_altar_statues, basic_altar

Skill      XL: |  1 |
---------------+----+-----
Dodging        | 2 |  2.1
Stealth        | 2 |  2.1
Spellcasting   | |  2.2
Conjurations   | |  1.4
Fire Magic     | |  2.9

Action                     || total
---------------------------++-------
  Melee: Unarmed           ||    13
         Dagger            ||    16
   Cast: Foxfire           ||    42
    Use: Potion            ||     1
   Stab: Sleeping          ||     1
 Armour: Robe              ||     4
  Dodge: Dodged            ||    31
  Block: Buckler           ||     2
